 Dungeon Crawl Stone Soup version bcrawl-1.21.3-16-g7f46a08de7 (webtiles) character file.

Game seed: 14501273552136426313

6518 Chiseanne the Fighter (level 10, 0/82 HPs)
             Began as a Mummy Archaeologist on May 2, 2020.
             Was an Initiate of Gozag.
             Slain by a cyan ugly thing (17 damage)
             ... on level 9 of the Dungeon.
             The game lasted 00:20:54 (8583 turns).

Chiseanne the Fighter (Mummy Archaeologist)         Turns: 8583, Time: 00:20:55

Health: 0/82       AC: 11    Str: 15    XL:     10   Next: 69%
Magic:  12/12      EV: 16    Int: 13    God:    Gozag
Gold:   704        SH:  0    Dex: 14    Spells: 9/9 levels left

rFire    x . .     SeeInvis .   s - +5 spear (venom)
rCold    + . .     Gourm    .   (no shield)
rNeg     + + +     Faith    .   y - +2 troll leather armour {Purgy}
rPois    ∞         Spirit   .   c - +1 hat
rElec    .         Reflect  .   u - +0 cloak
rCorr    .         Harm     .   (no gloves)
MR       +....     Clarity  +   f - +1 pair of boots
Stlth    ++........             (no amulet)
HPRegen  0.63/turn              t - ring of wizardry
MPRegen  0.13/turn              (no ring)

@: no status effects
A: no food or potions, fire vulnerability, clarity, cold resistance 1, negative
energy resistance 3, torment resistance, unbreathing
a: Potion Petition, Call Merchant, Bribe Branch, Renounce Religion


You were on level 9 of the Dungeon.
You worshipped Gozag.
Gozag was pleased with you.
You were not hungry.

You visited 2 branches of the dungeon, and saw 11 of its levels.
You also visited: Sewer.

You collected 1765 gold pieces.
You spent 809 gold pieces at shops.
You paid 252 gold pieces to Gozag.

Inventory:

Hand Weapons
 a - the +6 shillelagh "Devastator" {shatter}
   (You acquired it on level 2 of the Dungeon)
 d - a +3 quarterstaff of chaos
 s - a +5 spear of venom (weapon)
 w - a +0 hunting sling
Missiles
 b - 38 curare-tipped needles
 g - 649 bolts
 h - 1368 arrows
 k - 307 poisoned needles
 l - 522 sling bullets
 m - 2084 stones (quivered)
 x - 384 tomahawks
Armour
 c - a +1 hat (worn)
 f - a +1 pair of boots (worn)
 u - a +0 cloak (worn)
 y - a +2 troll leather armour (worn) {Purgy}
Jewellery
 t - a ring of wizardry (left hand)
 B - the ring of Jeistreri {+Fly rF- Str+2 SInv}
   (You bought it in a shop on level 8 of the Dungeon)

   [ring of flight]

   It affects your strength (+2).
   It makes you vulnerable to fire.
   It lets you see invisible.
   It lets you fly.
Wands
 o - a wand of flame (40)
 r - a wand of acid (6)
 z - a wand of random effects (9)
 A - a wand of paralysis (9)
 E - a wand of disintegration (29)
Scrolls
 e - 2 scrolls of magic mapping
 i - 15 scrolls of identify
 j - 3 scrolls of amnesia
 p - 12 scrolls of teleportation
 q - 5 scrolls of remove curse
 v - 2 scrolls of enchant weapon
 C - a scroll of blinking
 D - a scroll of fog
 F - a scroll of fear


   Skills:
 * Level 8.8 Fighting
 * Level 6.4 Maces & Flails
 - Level 5.3 Armour
 * Level 7.7 Dodging
 - Level 2.6 Stealth
 * Level 2.9 Evocations


You had 9 spell levels left.
You didn't know any spells.
Your spell library was empty.

Dungeon Overview and Level Annotations

Branches:
Dungeon (10/12)            Temple (1/1) D:6            Lair (0/6) D:9
    Orc (0/1) D:8

Altars:
Cheibriados
Elyvilon
Fedhas
Gozag
Hepliaklqana
Lugonu
Makhleb
Nemelex Xobeh
Okawaru
Qazlal
Ru
Sif Muna
Trog
Uskayaw
Vehumet
Wu Jian
Xom
Yredelemnul
Zin
The Shining One

Shops:
D:7 *   D:8 ?*%*   D:10 ?


Innate Abilities, Weirdness & Mutations

You do not eat or drink.
Your flesh is vulnerable to fire.
You are immune to poison.
You possess an exceptional clarity of mind.
Your flesh is cold resistant. (rC+)
You are immune to negative energy. (rN+++)
You are immune to unholy pain and torment.
You can survive without breathing.


Message History

Your +5 spear of venom begins to drip with poison!
s - a +5 spear of venom (weapon)
You barely miss the cyan ugly thing.
The cyan ugly thing is lightly wounded.
The cyan ugly thing closely misses you.
You hit the cyan ugly thing.
The cyan ugly thing is poisoned.
The cyan ugly thing is moderately wounded.
The cyan ugly thing closely misses you. The cyan ugly thing misses you.
You closely miss the cyan ugly thing.
The cyan ugly thing is moderately wounded.
The cyan ugly thing barely misses you.
You hit the cyan ugly thing.
The cyan ugly thing is moderately wounded.
The cyan ugly thing headbutts you. The cyan ugly thing shocks you!
* * * LOW HITPOINT WARNING * * *
The cyan ugly thing headbutts you!
* * * LOW HITPOINT WARNING * * *
The cyan ugly thing shocks you!
You die...
Your body crumbles into a pile of gold.

...#........#..................#.
...#........#..................#.
...#........#..............######
............#...>................
.........####....................
.........#.......................
...#.............................
...#.....>..l...u................
...#............@######..........
...#.............# #..........
...#.........#...# #..........
...#......####...# #..........
####......# #...# ###########
##.....# #...# #.....# #...#
#.....# #...# ####### #...#


You could see a cyan ugly thing and a komodo dragon.

Vanquished Creatures
  An unseen horror (D:8)
  A cyclops (D:9)
  Maurice (D:9)
  2 trolls
  Sigmund (D:5)
  A yak (D:6)
  2 hungry ghosts (D:9)
  Menkaure (D:5)
  A crocodile (D:8)
  A water moccasin (D:10)
  Duvessa (D:5)
  Purgy (Sewer)
  5 ice beasts
  A hornet zombie (D:9)
  3 orc warriors
  2 sky beasts
  3 ogres
  3 centaurs
  2 bullfrogs
  A big kobold (D:9)
  7 scorpions
  8 howler monkeys
  5 crimson imps
  A bullfrog zombie (D:7)
  2 hounds (D:6)
  4 jellies
  2 gnoll shamans
  3 orc priests
  3 orc wizards
  Crazy Yiuf (D:3)
  Natasha (thrice) (D:4)
  2 iguanas
  7 worker ants
  Robin (D:3)
  10 gnolls
  9 adders
  A river rat (D:4)
  9 oozes
  2 adder skeletons
  5 worms
  3 dart slugs
  4 leopard geckos
  17 orcs
  8 giant cockroaches
  11 goblins
  6 hobgoblins
  18 jackals
  4 quokkas
  5 ball pythons
  2 bats
  11 frilled lizards
  11 kobolds
  10 rats
  5 plants (D:9)
234 creatures vanquished.

Vanquished Creatures (others)
  7 plants (D:9)
7 creatures vanquished.

Grand Total: 241 creatures vanquished

Notes
Turn   | Place    | Note
-------+----------+-------------------------------------------
     0 | D:1      | Chiseanne the Mummy Archaeologist began the quest for the
                  | Orb.
     0 | D:1      | Reached XP level 1. HP: 15/15 MP: 1/1
   275 | D:1      | Reached XP level 2. HP: 21/21 MP: 2/2
   735 | D:1      | Reached skill level 2 in Fighting
  1108 | D:2      | Noticed a crimson imp
  1130 | D:2      | Reached XP level 3. HP: 14/27 MP: 3/3
  1558 | D:2      | Reached XP level 4. HP: 19/34 MP: 4/4
  2199 | D:2      | Reached skill level 3 in Fighting
  2332 | D:3      | Noticed a centaur
  3319 | D:3      | Killed a centaur
  3319 | D:3      | Reached XP level 5. HP: 24/42 MP: 5/5
  3319 | D:3      | Identified a scroll of acquirement
  3433 | D:2      | Identified the ring of the Empty Page {+Inv rCorr} (You
                  | acquired it on level 2 of the Dungeon)
  3434 | D:2      | Found the +6 shillelagh "Devastator" {shatter}
  3486 | D:3      | Found a sparkling altar of Nemelex Xobeh.
  3503 | D:3      | Noticed Robin
  3520 | D:3      | Killed Robin
  3520 | D:3      | Reached skill level 1 in Maces & Flails
  3616 | D:3      | Found a stormy altar of Qazlal.
  3700 | D:3      | Reached skill level 4 in Fighting
  3847 | D:3      | Found a runed door.
  4072 | D:3      | Noticed Crazy Yiuf
  4074 | D:3      | Killed Crazy Yiuf
  4074 | D:3      | Reached XP level 6. HP: 48/48 MP: 6/6
  4108 | D:4      | Noticed Natasha
  4112 | D:4      | Killed Natasha
  4120 | D:4      | Reached skill level 1 in Armour
  4318 | D:4      | Noticed Natasha
  4322 | D:4      | Killed Natasha
  4322 | D:4      | Reached XP level 7. HP: 55/55 MP: 7/7
  4334 | D:4      | Found a glowing drain.
  4340 | Sewer    | Entered a sewer
  4364 | Sewer    | Noticed Purgy
  4371 | Sewer    | Killed Purgy
  4465 | D:4      | Noticed Natasha
  4469 | D:4      | Killed Natasha
  4575 | D:4      | Found a snail-covered altar of Cheibriados.
  4579 | D:4      | Reached skill level 5 in Fighting
  4862 | D:4      | Reached skill level 5 in Dodging
  4970 | D:5      | Entered Level 5 of the Dungeon
  4984 | D:5      | Found a blossoming altar of Fedhas.
  5228 | D:5      | Noticed Duvessa
  5236 | D:5      | Killed Duvessa
  5236 | D:5      | Reached XP level 8. HP: 55/63 MP: 8/8
  5293 | D:5      | Noticed Sigmund
  5303 | D:5      | Killed Sigmund
  5529 | D:5      | Noticed Menkaure
  5533 | D:5      | Killed Menkaure
  5533 | D:5      | Reached skill level 6 in Fighting
  5823 | D:6      | Noticed a troll
  5829 | D:6      | Killed a troll
  5891 | D:6      | Found a shimmering altar of Xom.
  5899 | D:6      | Found a white marble altar of Elyvilon.
  5902 | D:6      | Found a shimmering blue altar of Sif Muna.
  5903 | D:6      | Found an iron altar of Okawaru.
  6014 | D:6      | Found a staircase to the Ecumenical Temple.
  6017 | D:6      | Reached XP level 9. HP: 71/71 MP: 9/9
  6050 | Temple   | Entered the Ecumenical Temple
  6127 | Temple   | Became a worshipper of Gozag Ym Sagoz the Greedy
  6547 | D:7      | Noticed a troll
  6555 | D:7      | Killed a troll
  6555 | D:7      | Reached skill level 7 in Fighting
  6765 | D:7      | Reached skill level 5 in Maces & Flails
  6766 | D:7      | Found Vuva's Assorted Antiques.
  6806 | D:7      | Bought a dented bronze amulet for 140 gold pieces
  6806 | D:7      | Bought a scroll of teleportation for 84 gold pieces
  7194 | D:8      | Found Duennett's Assorted Antiques.
  7199 | D:8      | Bought a scroll of teleportation for 69 gold pieces
  7199 | D:8      | Bought a scroll of identify for 46 gold pieces
  7199 | D:8      | Bought a scroll of identify for 46 gold pieces
  7209 | D:8      | Reached skill level 5 in Armour
  7366 | D:8      | Found a staircase to the Orcish Mines.
  7449 | D:8      | Reached XP level 10. HP: 80/80 MP: 10/10
  7450 | D:8      | Found Qihy's Assorted Antiques.
  7468 | D:8      | Bought a fine lead ring for 185 gold pieces
  7473 | D:8      | Found Ecu Leth's Magic Scroll Shop.
  7474 | D:8      | Identified the ring of Jeistreri {+Fly rF- Str+2 SInv} (You
                  | bought it in a shop on level 8 of the Dungeon)
  7482 | D:8      | Bought a scroll of teleportation for 45 gold pieces
  7482 | D:8      | Bought a scroll of blinking for 112 gold pieces
  7482 | D:8      | Bought a scroll of fog for 30 gold pieces
  7482 | D:8      | Bought a scroll of magic mapping for 52 gold pieces
  7519 | D:8      | Killed an unseen horror
  7519 | D:8      | Reached skill level 8 in Fighting
  7519 | D:8      | Reached skill level 1 in Evocations
  7527 | D:8      | Found Itwirano's Food Boutique.
  8203 | D:9      | Found a staircase to the Lair.
  8216 | D:9      | Noticed Maurice
  8229 | D:9      | Killed Maurice
  8271 | D:9      | Noticed a cyclops
  8278 | D:9      | Killed a cyclops
  8533 | D:10     | Entered Level 10 of the Dungeon
  8533 | D:10     | Found Nadeyxt's Magic Scroll Shop.
  8555 | D:10     | Noticed a cyan ugly thing
  8555 | D:10     | Noticed a cyclops
  8556 | D:10     | Noticed a two-headed ogre
  8583 | D:9      | Slain by a cyan ugly thing

Skill      XL: |  1  2  3  4  5  6  7  8  9 10 |
---------------+-------------------------------+-----
Fighting       | 2 3 4 5 6 7 8 |  8.8
Dodging        | 3 4 5 6 7 |  7.7
Maces & Flails | 1 2 3 4 5 6 |  6.4
Armour         | 1 2 4 5 |  5.3
Evocations     | 2 |  2.9
Stealth        | |  2.6

Action                   |  1- 3 |  4- 6 |  7- 9 | 10-12 || total
-------------------------+-------+-------+-------+-------++-------
Melee: Whip              |    86 |       |       |       ||    86
       Flail             |   104 |    29 |       |       ||   133
       Rapier            |       |    44 |       |       ||    44
       Shillelagh        |       |    51 |   162 |    97 ||   310
       Spear             |       |       |       |     7 ||     7
Throw: Stone             |       |     2 |     5 |       ||     7
Evoke: Wand              |       |     2 |     2 |     7 ||    11
  Use: Scroll            |     1 |     5 |     9 |     1 ||    16
 Stab: Sleeping          |     1 |     2 |       |       ||     3
       Distracted        |       |     1 |     1 |     2 ||     4
Armor: Robe              |    68 |    43 |       |       ||   111
       Ring mail         |       |     8 |    11 |       ||    19
       Troll leather arm |       |       |    51 |    25 ||    76
Dodge: Dodged            |   150 |   155 |   118 |    58 ||   481
